 Dungeon Crawl Stone Soup version 0.27.0-1-g7a089689b8 (webtiles) character file.

Game seed: 11484176595847130221

14 ZARRMARR the Chopper (level 2, 0/27 HPs)
             Began as a Hill Orc Monk on Aug 10, 2021.
             Slain by a dart slug (1 damage)
             ... on level 1 of the Dungeon.
             The game lasted 00:01:30 (331 turns).

ZARRMARR the Chopper (Hill Orc Monk)                 Turns: 331, Time: 00:01:32

Health: 0/27       AC:  2    Str: 13    XL:     2   Next: 45%
Magic:  2/2        EV: 12    Int: 10    God:
Gold:   11         SH:  0    Dex: 13    Spells: 1/1 levels left

rFire    . . .     SeeInvis .   a - +0 hand axe
rCold    . . .     Faith    .   (no shield)
rNeg     . . .     Spirit   .   b - +0 robe
rPois    .         Reflect  .   (no helmet)
rElec    .         Harm     .   (no cloak)
rCorr    .         Rampage  .   (no gloves)
Will     .....                  (no boots)
Stlth    ++........             (no amulet)
HPRegen  0.09/turn              (no ring)
MPRegen  0.08/turn              (no ring)

@: no status effects
A: no striking features
a: no special abilities


You were on level 1 of the Dungeon.
You visited 1 branch of the dungeon, and saw 1 of its levels.

You collected 11 gold pieces.

Inventory:

Hand Weapons
 a - a +0 hand axe (weapon)
Missiles
 d - 27 stones (quivered)
Armour
 b - a +0 robe (worn)
Potions
 c - 2 potions of curing {unknown}


   Skills:
 + Level 4.0 Fighting
 + Level 4.4 Axes
 + Level 2.5 Dodging
 + Level 1.6 Stealth


You had one spell level left.
You didn't know any spells.
Your spell library contained the following spells:

 Spells                   Type           Power      Damage    Failure   Level
 Dazzling Flash           Conj/Hex       0%         N/A       75%         3
 Agony                    Necr           0%         N/A       100%        5
 Silence                  Hex/Air        0%         N/A       100%        5


Dungeon Overview and Level Annotations

Branches:
Dungeon (1/15)

Altars:


Message History

You kill the hobgoblin!
A hobgoblin comes into view.
An endoplasm comes into view.
The hobgoblin shouts!
The endoplasm quivers.
You hit the endoplasm.
The endoplasm is heavily wounded.
The endoplasm jiggles.
The endoplasm hits you.
You barely miss the endoplasm.
The endoplasm is heavily wounded.
The endoplasm hits you.
You hit the endoplasm.
The endoplasm is almost dead.
The endoplasm hits you but does no damage.
The dart slug launches a dart at you. The slug dart misses you.
The slug dart hits the endoplasm.
The endoplasm dies!
You barely miss the hobgoblin. The hobgoblin completely misses you.
You closely miss the hobgoblin. The hobgoblin barely misses you.
You hit the hobgoblin.
The hobgoblin is moderately wounded.
You hit the dart slug.
The dart slug bites you but does no damage.
The hobgoblin hits you. The endoplasm freezes you.
You are frozen.
You barely miss the endoplasm. You hit the hobgoblin but do no damage.
You hit the dart slug. The hobgoblin barely misses you.
The dart slug launches a dart at you. The slug dart misses you.
The slug dart hits the endoplasm.
The endoplasm freezes you.
You are frozen.
* * * LOW HITPOINT WARNING * * *
You hit the hobgoblin.
The hobgoblin is almost dead.
You hit the endoplasm but do no damage. You hit the dart slug but do no damage.
The hobgoblin hits you.
* * * LOW HITPOINT WARNING * * *
The dart slug bites you.
You die...

....(.....# ..........#
..(......# #.(....... ..
#......... ..$. #.........
.... #..?...##
#>.#####J........
####....g@†#######.
#.......w.########
#................########.
###........###..............
...........###..........†...
.............#..............
.............#..............
.............#..............
.............#..............


You could see a dart slug, an endoplasm and a hobgoblin.

Vanquished Creatures
  A dart slug (D:1)
  A giant cockroach (D:1)
  4 hobgoblins (D:1)
  2 jackals (D:1)
  A kobold (D:1)
9 creatures vanquished.

Vanquished Creatures (others)
  An endoplasm (D:1)
1 creature vanquished.

Grand Total: 10 creatures vanquished

Notes
Turn   | Place    | Note
-------+----------+-------------------------------------------
     0 | D:1      | ZARRMARR the Hill Orc Monk began the quest for the Orb.
     0 | D:1      | Reached XP level 1. HP: 19/19 MP: 1/1
   318 | D:1      | Reached XP level 2. HP: 19/27 MP: 2/2
   331 | D:1      | HP: 1/27 [hobgoblin (4)]
   331 | D:1      | Slain by a dart slug

Illustrated notes

Levels and vault maps discovered:
D:1:      lemuel_arrival_lava_pool, layout_basic, minmay_split_cup_small

Skill      XL: |  1  2 |
---------------+-------+-----
Fighting       | 4 |  4.0
Axes           | |  4.4
Dodging        | |  2.5
Stealth        | |  1.6

Action                   || total
-------------------------++-------
Melee: Hand axe          ||    42
Throw: Stone             ||     4
Armor: Robe              ||    10
Dodge: Dodged            ||    31
